AoeStats
← kV0t3

Arabia

510459247Analyzed
1v1 RM · 9h ago on Oct 1, 2026· 27m 24s· 2 players
Game mode
Random Map
Map size
Tiny (2 player)
Population
200
Speed
Normal
Resources
Standard
Victory
Conquest
Starting age
Dark Age
Ending age
Imperial Age
RankedLock teamsTeams togetherTeam positionsShared explorationLock speedFull tech treeHidden civsTurbo modeCheats
Victory
Defeat
🇦🇷 Mongols · Argentina
1260
+17
🇨🇳 Franks · China
1283
-17
kV0t3
0:25 Loom
9:55 Feudal Age
16:34 Castle Age
15:03 Double-Bit Axe
20:49 Fletching
22:32 Bodkin Arrow
23:59 Padded Archer Armor
26:16 Leather Archer Armor
975141452
5:15 Loom
9:20 Feudal Age
15:50 Double-Bit Axe
21:48 Castle Age
20:30 Gold Mining
22:30 Wheelbarrow
22:21 Scale Barding Armor
22:27 Forging
23:17 Bow Saw
25:13 Gold Shaft Mining
25:12 Husbandry
26:19 Fletching
Connection lost

Rejoining the realm…

Still unreachable

The connection could not be restored.

Session expired

The server has moved on; the page needs a fresh start.